 Dungeon Crawl Stone Soup version 0.29.0-4-gdea44cf6ec (webtiles) character file.

Game seed: 16476142582319379683

4 qw the Sneak (level 1, -1/14 HPs)
             Began as a Gargoyle Delver on Sept 10, 2022.
             Slain by a gnoll
             ... wielding a +0 halberd
              (15 damage)
             ... on level 5 of the Dungeon.
             The game lasted 00:00:03 (94 turns).

qw the Sneak (Gargoyle Delver)                        Turns: 94, Time: 00:00:03

Health: -1/14      AC:  5    Str: 15    XL:     1   Next: 60%
Magic:  1/1        EV: 11    Int: 10    God:
Gold:   22         SH:  0    Dex: 11    Spells: 0/0 levels left

rFire   . . .      SeeInvis .   a - +0 hand axe
rCold   . . .      Faith    .   (no shield)
rNeg    + . .      Spirit   .   b - +0 leather armour
rPois   inf        Reflect  .   (no helmet)
rElec   +          Harm     .   (no cloak)
rCorr   .          Rampage  .   (no gloves)
Will    .....                   (no boots)
Stlth   +++.......              (no amulet)
HPRegen 0.04/turn               (no ring)
MPRegen 0.07/turn               (no ring)

@: no status effects
A: sickness immunity, AC +2, negative energy resistance 1, electricity
resistance, torment resistance 1, petrification resistance
a: no special abilities


You were on level 5 of the Dungeon.
You visited 1 branch of the dungeon, and saw 1 of its levels.

You collected 22 gold pieces.


Innate Abilities, Weirdness & Mutations

You are immune to sickness and miasma.
Your stone body is resilient. (AC +2)
You are immune to poison.
You resist negative energy. (rN+)
You are resistant to electric shocks. (rElec)
You are resistant to unholy torment.
You are immune to petrification.


   Skills:
 - Level 3.2 Fighting
 + Level 2.1 Axes
 - Level 1.5 Dodging
 - Level 5.4 Stealth


You couldn't memorise any spells.
You didn't know any spells.
Your spell library was empty.

Inventory:

Hand Weapons
 a - a +0 hand axe (weapon)
 h - a +0 flail
Armour
 b - a +0 leather armour (worn)
Wands
 g - a wand of digging (3)
Scrolls
 c - a scroll of fog
 d - a scroll of magic mapping
 e - a scroll of fear
Potions
 f - a potion of haste

Dungeon Overview and Level Annotations

Branches:
Dungeon (5/15)
 Temple: D:4-7

Altars:

Shops:
D:5 ?

Annotations:
D:5 3 runed translucent doors, qw's ghost, weakling GrDe


Message History

There is an entrance to Zaupp's Magic Scroll Shop here.
18 ||| SHOPLISTING scroll of enchant armour (90 gold, have 0).
You can access your shopping list by pressing '$'.
18 ||| SHOPLISTING scroll of identify (24 gold, have 0).
You can access your shopping list by pressing '$'.
18 ||| SHOPLISTING scroll of teleportation (36 gold, have 0).
You can access your shopping list by pressing '$'.
18 ||| Stepping ~*~*~tactically~*~*~ (stealth).
You hit the orc.
You kill the orc!
Your Axes skill increases to level 2!
22 ||| Stepping ~*~*~tactically~*~*~ (stealth).
An orc comes into view.
It is wielding a +0 flail of holy wrath.
Things that are here:
a +0 club; an orc corpse
23 ||| Stepping ~*~*~tactically~*~*~ (stealth).
You hit the orc but do no damage. The orc barely misses you.
You completely miss the orc. The orc hits you but does no damage.
You slash the orc!
You kill the orc!
h - a +0 flail You see here a +0 leather armour.
You now have 14 gold pieces.
You now have 22 gold pieces (gained 8).
You open the door.
There is an open door here.
Found 3 stones.
Enter note:
Found 2 stones and 13 large rocks.
Qw's ghost turns its malevolent gaze towards you.
Qw's ghost ripples. 2 gnolls come into view.
A gnoll comes into view. It is wielding a +0 halberd.
The gnoll shouts! x3; You hear a shout!
An ufetubus comes into view.
A jelly comes into view.
The gnoll hits you from afar with a +0 halberd!
Ouch! That really hurt!
You die...

.## # ..J# .#
#..########.#
#...........#
#..5........#.
#....g.g......
#....$.g....#
#.....@.....#
#...........#
#...........#
#######...........#
.7..W#.............# ..
.(...#..#.####.##### #.#
...($+....# ##.#####....
(..[.+...####........#.#
..(..+..##
#..#.[.#.+#.##


You could see a jelly (wandering), 3 gnolls and an ufetubus.

Vanquished Creatures
  2 orcs (D:5)
2 creatures vanquished.

Notes
Turn   | Place    | Note
-------+----------+-------------------------------------------
     0 | D:5      | qw the Gargoyle Delver began the quest for the Orb.
     0 | D:5      | Reached XP level 1. HP: 14/14 MP: 1/1
     0 | D:5      | 0 ||| qw: Version: 0.1-a-116-g5d60599
     0 | D:5      | 0 ||| qw: Game counter: 8705
     0 | D:5      | 0 ||| qw: Always use a shield: true
     0 | D:5      | 0 ||| qw: God list: Okawaru
     0 | D:5      | 0 ||| qw: Allow faded altars: false
     0 | D:5      | 0 ||| qw: Do Orc after D:15 true
     0 | D:5      | 0 ||| qw: Do second Lair branch before Depths: true
     0 | D:5      | 0 ||| qw: Lair rune preference: random
     0 | D:5      | 0 ||| qw: Plans: Normal
     0 | D:5      | 0 ||| PLANNING D:1-11
     0 | D:5      | Found Zaupp's Magic Scroll Shop.
    16 | D:5      | 16 ||| Stepping ~*~*~tactically~*~*~ (stealth).
    18 | D:5      | 18 ||| SHOPLISTING scroll of enchant armour (90 gold, have
                  | 0).
    18 | D:5      | 18 ||| SHOPLISTING scroll of identify (24 gold, have 0).
    18 | D:5      | 18 ||| SHOPLISTING scroll of teleportation (36 gold, have
                  | 0).
    18 | D:5      | 18 ||| Stepping ~*~*~tactically~*~*~ (stealth).
    22 | D:5      | 22 ||| Stepping ~*~*~tactically~*~*~ (stealth).
    23 | D:5      | 23 ||| Stepping ~*~*~tactically~*~*~ (stealth).
    81 | D:5      | Found a runed translucent gate.
    81 | D:5      | Found a runed translucent gate.
    81 | D:5      | Found a runed translucent gate.
    82 | D:5      | Noticed qw's ghost (weakling GrDe)
    92 | D:5      | Noticed a jelly
    94 | D:5      | Slain by a gnoll

Levels and vault maps discovered:
D:5:      layout_basic, mainiacjoe_overflow_catwalk_spiral, serial_shops,
          nicolae_shop_advertising_works [nicolae_subvault_shop_adworks],
          ebering_ghost_rock_garden, lexackson_kobold_supper

Skill      XL: |  1 |
---------------+----+-----
Axes           | 2 |  2.1
Fighting       | |  3.2
Dodging        | |  1.5
Stealth        | |  5.4

Action                   || total
-------------------------++-------
Melee: Hand axe          ||     4
Armor: Leather armour    ||     1
Dodge: Dodged            ||     1

Table legend:
 A = Non-vault XP
 B = Vault XP
 C = Vault XP percentage of total XP
 D = Non-vault monster count
 E = Vault monster count
 F = Vault count percentage of total count
                 A         B        C        D         E       F
            +---------+---------+-------+---------+---------+-------
      Total |       6 |       0 |   0.0 |       2 |       0 |   0.0
            +---------+---------+-------+---------+---------+-------
        D:5 |       6 |       0 |   0.0 |       2 |       0 |   0.0
            +---------+---------+-------+---------+---------+-------
